 Dungeon Crawl Stone Soup version 0.28.0-53-g5a82cb258f (webtiles) character file.

Game seed: 13815217181350535035

2732048 Silk the Metallomancer (level 27, 176/176 HPs)
             Began as a Gargoyle Earth Elementalist on July 10, 2022.
             Was the Champion of Jiyva.
             Escaped with the Orb
             ... and 4 runes on July 12, 2022!
             The game lasted 07:23:08 (53358 turns).

Silk the Metallomancer (GrEE)                      Turns: 53358, Time: 07:23:09

Health: 176/176    AC: 39    Str: 11    XL:     27
Magic:  62/62      EV: 14    Int: 45    God:    Jiyva [******]
Gold:   88         SH: 23    Dex: 12    Spells: 3/60 levels left

rFire   + . .      SeeInvis +   l - +8 falchion "Baocid Nogij" {vorpal, *Noise rPois Int+8 Dex-5}
rCold   + + +      Faith    .   J - +4 kite shield "Vec Res" {Fly rC+++ Slay+2 Stlth-}
rNeg    + + +      Spirit   .   a - quicksilver dragon scales
rPois   ∞          Reflect  +   s - +2 helmet
rElec   +          Harm     .   g - +2 cloak
rCorr   +          Rampage  .   (no gloves)
Will    +++..      Clarity  +   T - +0 pair of boots "Zeunet" {+Blink rC+ MP+9 Slay+2}
Stlth   ..........              G - amulet "Gumoz" {Reflect rN+ Int+5 SH+5}
HPRegen 1.99/turn               I - ring "Qanis" {rF+ rC+ Str-4 Int+3 SInv}
MPRegen 0.88/turn               z - ring "Gatife" {rN+ MP+9 EV+4 Dex+5}

@: flying
A: sickness immunity, AC +20, big wings, negative energy resistance 1,
electricity resistance, torment resistance 1, petrification resistance, talons
2, clarity, clever 2, cold resistance 3, acidic bite, eyeballs 2, pseudopods 2,
jelly sensing items, noise suppression
0: Orb of Zot
}: 4/15 runes: serpentine, barnacled, slimy, silver
a: Renounce Religion, Evoke Blink, Oozemancy, Slimify


You escaped.
You worshipped Jiyva.
Jiyva was exalted by your worship.
You visited 11 branches of the dungeon, and saw 54 of its levels.
You visited the Abyss 1 time.
You also visited: Bailey.

You collected 7477 gold pieces.
You spent 7389 gold pieces at shops.

Inventory:

Hand Weapons
 f - the +5 fustibalus of the Key {freeze, +Blink rF+}
   (You took it off a spriggan defender on level 2 of the Depths)

   Any ammunition fired from it freezes those it strikes, dealing additional
   cold damage.
   It can also slow down cold-blooded creatures.
   rF:        It protects you from fire.
   +Blink:    It lets you blink.
 l - the +8 falchion "Baocid Nogij" (weapon) {vorpal, *Noise rPois Int+8 Dex-5}
   (You took it off a deep elf annihilator on level 3 of the Elven Halls)

   It inflicts extra damage upon your enemies.
   Int:       It affects your intelligence (+8).
   Dex:       It affects your dexterity (-5).
   rPois:     It protects you from poison.
   *Noise:    It may make noises in combat.
 m - a +7 quick blade of electrocution
 q - the +2 long sword of Dissatisfaction {flame, rPois rC+ Int+5 Dex+4}
   (You found it on level 3 of the Elven Halls)

   It burns those it strikes, dealing additional fire damage.
   Big, fiery blades are also staple armaments of hydra-hunters.
   Int:       It affects your intelligence (+5).
   Dex:       It affects your dexterity (+4).
   rC:        It protects you from cold.
   rPois:     It protects you from poison.
 H - a +8 demon blade of freezing
 K - the +2 hand axe of Crawling {vamp, rN+ Will+ Str+2 Dex+4}
   (You found it on level 5 of the Pits of Slime)

   It occasionally heals its wielder for a portion of the damage dealt when it
   wounds a living foe.
   Str:       It affects your strength (+2).
   Dex:       It affects your dexterity (+4).
   rN:        It protects you from negative energy.
   Will:      It increases your willpower.
 U - the +8 dagger "Kuabbal" {vamp, rF++}
   (You found it on level 4 of the Depths)

   It occasionally heals its wielder for a portion of the damage dealt when it
   wounds a living foe.
   rF:        It greatly protects you from fire.
 X - the +2 hand crossbow of Cowardice {freeze, SInv}
   (You bought it in a shop on level 3 of the Vaults)

   Any ammunition fired from it freezes those it strikes, dealing additional
   cold damage.
   It can also slow down cold-blooded creatures.
   SInv:      It lets you see invisible.
Missiles
 c - 757 stones
 u - 1201 bolts
 A - 7 silver boomerangs
 B - 3 throwing nets
 F - 6 silver javelins (quivered)
 P - 18 boomerangs
Armour
 a - quicksilver dragon scales (worn)
 d - a +2 pair of boots of rampaging
 g - a +2 cloak (worn)
 s - a +2 helmet (worn)
 J - the +4 kite shield "Vec Res" (worn) {Fly rC+++ Slay+2 Stlth-}
   (You found it on level 1 of the Vaults)

   Slay:      It affects your accuracy & damage with ranged weapons and melee
   (+2).
   rC:        It renders you almost immune to cold.
   Fly:       It grants you flight.
   Stlth:     It makes you less stealthy.
 T - the +0 pair of boots "Zeunet" (worn) {+Blink rC+ MP+9 Slay+2}
   (You bought it in a shop on level 5 of the Vaults)

   Slay:      It affects your accuracy & damage with ranged weapons and melee
   (+2).
   rC:        It protects you from cold.
   MP:        It affects your magic capacity (+9).
   +Blink:    It lets you blink.
 W - the +0 ring mail "Iddesch" {rF+ Slay+5}
   (You found it on level 10 of the Dungeon)

   Slay:      It affects your accuracy & damage with ranged weapons and melee
   (+5).
   rF:        It protects you from fire.
Magical Staves
 i - a staff of conjuration
 E - a staff of earth
Jewellery
 e - the ring "Deokipp" {rC+ Will+ Str+3}
   (You bought it in a shop on level 5 of the Vaults)

   [ring of willpower]

   Str:       It affects your strength (+3).
   rC:        It protects you from cold.
   Will:      It increases your willpower.
 w - a ring of wizardry
 z - the ring "Gatife" (right hand) {rN+ MP+9 EV+4 Dex+5}
   (You found it on level 6 of the Lair of Beasts)

   [ring of evasion]

   EV:        It affects your evasion (+4).
   Dex:       It affects your dexterity (+5).
   rN:        It protects you from negative energy.
   MP:        It affects your magic capacity (+9).
 G - the amulet "Gumoz" (around neck) {Reflect rN+ Int+5 SH+5}
   (You found it on level 6 of the Lair of Beasts)

   [amulet of reflection]

   It reflects blocked missile attacks.
   Int:       It affects your intelligence (+5).
   rN:        It protects you from negative energy.
   SH:        It affects your SH (+5).
 I - the ring "Qanis" (left hand) {rF+ rC+ Str-4 Int+3 SInv}
   (You bought it in a shop on level 1 of the Elven Halls)

   [ring of protection from cold]

   Str:       It affects your strength (-4).
   Int:       It affects your intelligence (+3).
   rF:        It protects you from fire.
   rC:        It protects you from cold.
   SInv:      It lets you see invisible.
Wands
 r - a wand of acid (20)
 C - a wand of digging (12)
 M - a wand of iceblast (9)
 R - a wand of flame (38)
Scrolls
 h - 6 scrolls of fear
 k - 8 scrolls of teleportation
 n - 2 scrolls of enchant armour
 v - 4 scrolls of magic mapping
 D - 11 scrolls of fog
 L - a scroll of silence
 Q - 5 scrolls of blinking
 Z - 2 scrolls of summoning
Potions
 b - 2 potions of ambrosia
 j - 4 potions of brilliance
 o - 7 potions of heal wounds
 p - 2 potions of cancellation
 t - 2 potions of haste
 x - 2 potions of might
 y - 2 potions of attraction
 O - 15 potions of curing
 S - a potion of magic
 Y - 2 potions of resistance
Miscellaneous
 N - a box of beasts
 V - a tin of tremorstones (2/2)


   Skills:
 + Level 18.9 Fighting
 - Level 6.1 Long Blades
 + Level 7.7 Crossbows
 - Level 13.1 Armour
 - Level 1.5 Dodging
 - Level 2.1 Stealth
 - Level 17.2 Shields
 + Level 17.3 Spellcasting
 + Level 18.6 Conjurations
 - Level 5.0 Hexes
 * Level 14.3 Summonings
 * Level 12.4 Necromancy
 - Level 10.2 Transmutations
 - Level 24.0 Earth Magic
 - Level 9.1 Poison Magic
 + Level 4.4 Evocations


You had 3 spell levels left.
You knew the following spells:

 Your Spells              Type           Power      Damage    Failure   Level
a - Sandblast             Erth           100%       2d20      0%          1
b - Passwall              Tmut/Erth      95%        N/A       0%          2
c - Spellforged Servitor  Conj/Summ      56%        N/A       1%          7
d - Lehudib's Crystal Sp  Conj/Erth      62%        10d14     1%          8
e - Borgnjor's Vile Clut  Necr/Erth      58%        N/A       1%          5
f - Apportation           Tloc           76%        N/A       1%          1
g - Iron Shot             Conj/Erth      62%        9d12      1%          6
h - Haunt                 Necr/Summ      51%        N/A       6%          7
i - Summon Mana Viper     Hex/Summ       90%        N/A       1%          5
j - Irradiate             Conj/Tmut      53%        3d31      1%          5
k - Blink                 Tloc           76%        N/A       2%          2
l - Alistair's Intoxicat  Tmut/Pois      60%        N/A       1%          5
m - Portal Projectile     Hex/Tloc       100%       N/A       1%          3

Your spell library contained the following spells:

 Spells                   Type           Power      Damage    Failure   Level
 Animate Skeleton         Necr           100%       N/A       0%          1
 Magic Dart               Conj           100%       1d8       0%          1
 Pain                     Necr           100%       1d9       0%          1
 Summon Small Mammal      Summ           100%       N/A       0%          1
 Call Imp                 Summ           100%       N/A       0%          2
 Call Canine Familiar     Summ           100%       N/A       0%          3
 Stone Arrow              Conj/Erth      100%       3d13      0%          3
 Foxfire                  Conj/Fire      100%       2x1d9     1%          1
 Freeze                   Ice            100%       1d11      1%          1
 Sting                    Tmut/Pois      100%       1d8       1%          1
 Corpse Rot               Necr/Air       100%       N/A       1%          2
 Poisonous Vapours        Pois/Air       100%       N/A       1%          2
 Static Discharge         Conj/Air       89%        N/A       1%          2
 Conjure Flame            Conj/Fire      89%        6-21      1%          3
 Mephitic Cloud           Conj/Pois/Air  89%        N/A       1%          3
 Summon Guardian Golem    Hex/Summ       90%        N/A       1%          3
 Vampiric Draining        Necr           100%       2d13      1%          3
 Frozen Ramparts          Ice            76%        1d9       5%          3
 Gell's Gravitas          Tloc           38%        N/A       5%          3
 Lesser Beckoning         Tloc           38%        N/A       5%          3
 Teleport Other           Tloc           38%        N/A       5%          3
 Petrify                  Tmut/Erth      100%       N/A       0%          4
 Anguish                  Hex/Necr       43%        N/A       1%          4
 Dispel Undead            Necr           100%       3d31      1%          4
 Fulminant Prism          Conj/Hex       49%        3d21      1%          4
 Hailstorm                Conj/Ice       89%        3d18      1%          4
 Leda's Liquefaction      Hex/Erth       53%        N/A       1%          4
 Sticky Flame             Conj/Fire      89%        2d10      1%          4
 Summon Lightning Spire   Summ/Air       80%        N/A       1%          4
 Fireball                 Conj/Fire      44%        3d18      1%          5
 Iskenderun's Battlesphe  Conj           100%       2d15      1%          5
 Lightning Bolt           Conj/Air       44%        1d64      1%          5
 Summon Cactus Giant      Summ           53%        N/A       1%          6
 Cause Fear               Hex            35%        N/A       2%          4
 Summon Forest            Summ/Tloc      40%        N/A       2%          5
 Eringya's Noxious Bog    Tmut/Pois      45%        N/A       4%          6
 Conjure Ball Lightning   Conj/Air       44%        3x3d15    6%          6
 Passage of Golubria      Tloc           38%        N/A       19%         4
 Silence                  Hex/Air        28%        N/A       19%         5
 Summon Horrible Things   Summ           53%        N/A       32%         8
 Manifold Assault         Tloc           38%        N/A       45%         5
 Malign Gateway           Summ/Tloc      40%        N/A       63%         7
 Storm Form               Tmut/Air       35%        N/A       88%         7
 Dispersal                Tloc           19%        N/A       95%         6
 Discord                  Hex            35%        N/A       100%        8
 Disjunction              Tloc           19%        N/A       100%        8
 Maxwell's Capacitive Co  Air            19%        ∞         100%        8
 Chain Lightning          Conj/Air       44%        3d59      100%        9
 Fire Storm               Conj/Fire      44%        8d11      100%        9
 Statue Form              Tmut/Erth      Unusable   N/A       N/A         6

Dungeon Overview and Level Annotations

Branches:
Dungeon (15/15)            Temple (0/1) D:6            Lair (6/6) D:8
 Shoals (4/4) Lair:4        Snake (4/4) Lair:2        Slime (5/5) Lair:6
    Orc (2/2) D:10            Elf (3/3) Orc:2        Vaults (5/5) D:13
  Crypt (1/3) Vaults:3     Depths (4/4) D:15            Zot (5/5) Depths:4
 Bailey (visited)

Altars:
Ashenzari
Cheibriados
Dithmenos
Elyvilon
Fedhas
Gozag
Nemelex Xobeh
Okawaru
Trog
Wu Jian
Xom
Yredelemnul
The Shining One
Beogh
Jiyva

Shops:
D:1 =   D:11 *   D:15 !   Orc:1 =   Orc:2 (=*[   Elf:1 !=:=   Elf:2 !
Shoals:1 :   Snake:2 :   Snake:4 :   Vaults:1 ?![?   Vaults:3 (   Vaults:4 !
Vaults:5 (!?!?[?=!?   Depths:1 *:[!:*   Depths:4 *

Portals:
Hell: Depths:1 Depths:2 Depths:3 Depths:4
Abyss: Depths:1 Depths:3 Depths:4
Pandemonium: Depths:2
Ziggurat: Depths:1

Annotations:
D:11 exclusion: orange crystal statue
Snake:4 2 transporters, ghwc's ghost, adept MiFi
Slime:5 Royal Jelly


Innate Abilities, Weirdness & Mutations

You are immune to sickness and miasma.
Your stone body is resilient. (AC +20)
You are immune to poison.
Your large and strong wings let you fly.
You resist negative energy. (rN+)
You are resistant to electric shocks. (rElec)
You are resistant to unholy torment.
You are immune to petrification.
You have razor-sharp toenails.
You possess an exceptional clarity of mind.
Your mind is very acute. (Int +4)
Your flesh is almost immune to the effects of cold. (rC+++)
You have acidic saliva.
Your body has grown many eyes which may confuse attackers. (Acc +5)
Armour fits poorly on your large pseudopods.
You have a small jelly attached to you that senses nearby items.
You passively dampen the noise of your surroundings.


Message History

There is a stone staircase leading down here.
A neqoxec comes into view.
Casting: Passwall (safe; 0% risk of failure)
Confirm with . or Enter, or press ? or * to list all spells.
Aiming: Iron Shot (safe; 1% risk of failure)
Press: ? - help, Shift-Dir - straight line, f - neqoxec
Aim: a neqoxec (76% to hit)
The iron shot hits the neqoxec!!!
You kill the neqoxec!
Unknown command.
(D) Dungeon (T) Temple (L) Lair (A) Shoals (P) Snake Pit (M) Slime Pits (O) Orcish Mines (E) Elven Halls (V) Vaults (C) Crypt (U) Depths (H) Hell (Z) Zot
Where to? (Enter - D:1 @ (x,y), ? - help)
What level of the Dungeon? (default 1, ? - help) Magic restored.
A large abomination comes into view.
There is a stone staircase leading up here.
You fly upwards.
There is a stone staircase leading down here.
(D) Dungeon (T) Temple (L) Lair (A) Shoals (P) Snake Pit (M) Slime Pits (O) Orcish Mines (E) Elven Halls (V) Vaults (C) Crypt (U) Depths (H) Hell (Z) Zot
Where to? (Enter - D:1 @ (x,y), ? - help)
What level of the Dungeon? (default 1, ? - help)
Okay, then.
Unknown command.
Casting: Iron Shot (safe; 1% risk of failure)
Confirm with . or Enter, or press ? or * to list all spells.
Aiming: Passwall (safe; 0% risk of failure)
Press: ? - help, Dir - move target A rock wall.
This square is covered in magical glow.
You begin to meditate on the wall.
You continue meditating on the rock. x2
Magic restored.
You finish merging with the rock.
There is a staircase leading out of the dungeon here.
You have escaped!

.......###....### #####........
.#....##........## #####......#..
.#...##....##....###.....#..#....
>#.###............#..######.##...
##.###............#### #.###..
#........####.....# #.# #..
##.#....### ###...# #.# #..
#..####.# ##..# ###.# ###
.....#..### ###@..# #...###
.##..#....####.....#### #.#...###
###..#............##..# #........
#...#............#...# #..##....
#..###....##....##...###........
#..####........##........._.....
#...# ###....####....###........
#.#.# ###### #....# #.###..##
#.#.# #....# #........


There were no monsters in sight!

Vanquished Creatures
  A dread lich (Vaults:5)
  2 orbs of fire (Zot:5)
  A juggernaut (Depths:4)
  3 ancient liches
  Bai Suzhen (Vaults:4)
  Boris (twice) (Vaults:2 Crypt:1)
  Saint Roka (Vaults:4)
  A Killer Klown (Zot:5)
  Xtahua (Vaults:3)
  Margery (Vaults:2)
  4 curse toes
  5 caustic shrikes (Depths:2)
  8 golden dragons
  Nikola (Elf:1)
  A bone dragon (Depths:4)
  12 tentacled monstrosities
  3 electric golems
  A walking crystal tome (Depths:3)
  14 Orb Guardians
  Jorgrun (D:14)
  Rupert (D:13)
  5 liches
  3 quicksilver dragons (Zot:1)
  2 deep elf blademasters (Elf:3)
  2 deep elf master archers (Elf:3)
  A walking frostbound tome (Depths:2)
  3 titans
  2 death cobs
  2 ancient champions (Crypt:1)
  2 krakens (Shoals:4)
  Roxanne (Elf:1)
  4 sphinxes
  4 shadow dragons
  9 storm dragons
  4 tengu reavers
  3 draconian monks
  5 nagarajas
  5 fire giants
  4 deep elf sorcerers (Elf:3)
  Donald (Shoals:4)
  2 draconian knights
  4 iron dragons
  2 orc warlords
  Aizul (Depths:2)
  Louise (Shoals:4)
  3 ghost moths
  3 draconian scorchers (Zot:4)
  4 frost giants
  2 deep elf elementalists (Elf:3)
  14 vault wardens
  A draconian stormcaller (Zot:2)
  3 draconian annihilators
  16 ironbound preservers
  3 draconian shifters
  A ghoul (Vaults:3)
  21 very ugly things
  3 spriggan defenders
  7 ironbound thunderhulks
  3 green draconians
  3 war gargoyles (Vaults:5)
  9 stone giants
  7 black draconians
  3 purple draconians
  3 deep elf demonologists
  2 vampire knights
  9 deep elf annihilators
  4 dire elephants
  2 red draconians
  Azrael (D:15)
  5 yellow draconians
  2 spark wasps (Depths:1)
  2 white draconians
  6 deep elf death magi
  4 entropy weavers
  Snorg (Lair:5)
  5 merfolk impalers
  8 ettins
  A crystal guardian (Vaults:2)
  2 eidola
  3 merfolk javelineers
  2 jiangshi (Crypt:1)
  3 fire dragons
  13 yaktaur captains
  6 deep elf high priests
  A rakshasa (Depths:3)
  13 naga warriors
  3 salamander tyrants (Snake:4)
  36 vault guards
  A catoblepas (D:14)
  4 spriggan air magi
  9 ice dragons
  19 centaur warriors
  2 ogre magi
  6 boulder beetles
  8 hydras
  5 alligator snapping turtles
  2 death knights
  8 merfolk aquamancers
  9 anacondas
  4 satyrs
  7 two-headed ogres
  5 ironbound frosthearts
  26 dancing weapons
  3 deep troll shamans
  7 death yaks
  2 vampire magi
  The ghost of ptr the Jinx, a journeyman FeEn of Hepliaklqana (Lair:4)
  9 spriggan berserkers
  3 deep troll earth magi
  11 naga sharpshooters
  9 tengu warriors
  A soul eater (Depths:2)
  17 deep elf knights
  6 shock serpents
  9 hell knights
  A sun demon (Zot:3)
  A sixfirhy (D:15)
  14 sea snakes
  6 iron trolls (Depths:1)
  16 skeletal warriors
  A fire crab (shapeshifter) (Vaults:5)
  3 nameless horrors
  34 deep trolls
  4 salamander mystics (Snake:4)
  12 deep elf archers
  2 flayed ghosts
  A shadow dragon zombie (Depths:1)
  9 lindwurms
  8 naga ritualists
  4 phantasmal warriors
  17 deep elf pyromancers
  14 wizards
  13 orc knights
  18 harpies
  5 necromancers
  7 cyclopes
  9 ironbound convokers
  43 deep elf zephyrmancers
  A worldbinder (Abyss:2)
  5 orc sorcerers
  52 ugly things
  A stone giant zombie (Vaults:5)
  8 fauns
  An oklob plant (Lair:5)
  13 mana vipers
  5 merfolk sirens
  13 manticores
  A moth of wrath (shapeshifter) (Vaults:5)
  11 naga magi
  12 salamanders
  A frost giant skeleton (Depths:1)
  3 guardian serpents
  11 elephants
  19 moths of wrath
  Joseph (Lair:1)
  A titan simulacrum (Depths:1)
  5 water nymphs
  34 black mambas
  12 vault sentinels
  A guardian serpent (shapeshifter) (Depths:3)
  5 torpor snails (Lair:6)
  4 cane toads
  A gargoyle (D:12)
  A centaur skeleton (D:15)
  A purple draconian zombie (Crypt:1)
  2 kobold demonologists (D:11)
  An ancient zyme (Abyss:2)
  A demonic crawler (D:12)
  3 rime drakes
  4 komodo dragons
  A freezing wraith (D:14)
  2 harpy zombies (Shoals:2)
  3 tengu conjurers
  28 yaktaurs
  3 meliai (Lair:4)
  20 merfolk
  12 polar bears
  6 trolls
  10 hornets
  A tengu simulacrum (Vaults:5)
  3 tyrant leeches (Lair:6)
  10 raiju
  6 wind drakes
  Prince Ribbit (D:7)
  12 dream sheep
  33 blink frogs
  7 snapping turtles
  A culicivora (Vaults:2)
  A spriggan skeleton (Depths:1)
  2 shadows
  3 air elementals
  A centaur simulacrum (D:14)
  8 wyverns
  23 yaks
  9 spriggans (Lair:4)
  20 water elementals
  3 basilisks
  A neqoxec (D:2)
  5 fire elementals
  8 wraiths
  2 steam dragons
  Grum (D:9)
  A human (shapeshifter) (Abyss:3)
  2 chaos spawn
  2 vampire mosquitoes (D:12)
  3 redbacks
  10 wargs
  35 nagas
  15 hell hounds
  An acid dragon (D:5)
  10 water moccasins
  A sky beast (D:5)
  51 orc warriors
  11 black bears
  A meliai simulacrum (D:15)
  A spriggan simulacrum (Depths:1)
  2 ice beasts (D:7)
  A manticore zombie (Shoals:2)
  A lindwurm zombie (Crypt:1)
  A necrophage (D:7)
  10 ogres
  24 wolves
  16 centaurs
  4 bullfrogs
  6 kobold brigands
  2 gnoll sergeants
  A scorpion (D:6)
  31 killer bees
  3 wights (D:8)
  An electric eel (D:14)
  A howler monkey (D:5)
  A troll skeleton (Crypt:1)
  5 crimson imps
  4 centaur zombies
  5 hounds
  7 jellies
  10 orc priests
  A gnoll shaman (D:5)
  11 orc wizards
  6 hell rats (Lair:6)
  Robin (D:2)
  6 adders
  13 gnolls
  A shadow imp (D:7)
  A white imp (D:5)
  2 ufetubi
  2 worms
  2 dart slugs
  79 orcs
  4 bats (D:1)
  3 bat zombies (Shoals:2)
  An endoplasm (D:1)
  4 giant cockroaches
  12 goblins
  4 hobgoblins
  A jackal (D:3)
  2 quokkas
  5 ball pythons
  A ball python zombie (Crypt:1)
  2 frilled lizards
  A jackal skeleton (Crypt:1)
  29 kobolds
  9 rats
  A rat zombie (Crypt:1)
  4 tentacles (Shoals:4)
1783 creatures vanquished.

Vanquished Creatures (collateral kills)
  3 orbs of fire
  3 ancient liches
  Boris (Depths:3)
  A Killer Klown (Zot:5)
  A curse toe (Zot:5)
  3 golden dragons
  An electric golem (Zot:5)
  8 tentacled monstrosities
  10 Orb Guardians (Zot:5)
  A walking crystal tome (Depths:4)
  2 titans (Vaults:5)
  A lich (Depths:4)
  Asterion (Vaults:2)
  2 quicksilver dragons
  3 death cobs
  3 sphinxes
  3 tengu reavers (Vaults:5)
  9 shadow dragons
  14 storm dragons
  A revenant (Crypt:1)
  3 fire giants
  2 draconian knights
  6 vault wardens
  2 deep elf sorcerers (Elf:3)
  A ghost moth (Zot:3)
  3 orc warlords
  2 draconian scorchers
  A draconian stormcaller (Depths:4)
  A curse skull (Crypt:1)
  2 stone giants (Depths:3)
  3 draconian annihilators
  2 deep elf elementalists (Elf:3)
  3 ironbound preservers (Vaults:5)
  3 very ugly things
  A vampire knight (Crypt:1)
  3 green draconians
  3 black draconians
  A deep elf demonologist (Elf:3)
  3 purple draconians
  A deep elf annihilator (Elf:3)
  2 white draconians (Zot:5)
  2 yellow draconians
  A red draconian (Zot:4)
  2 ettins (Vaults:5)
  An eidolon (Crypt:1)
  5 deep elf death magi
  A jiangshi (Crypt:1)
  3 deep elf high priests
  3 yaktaur captains
  A fire dragon (D:11)
  3 vault guards (Vaults:5)
  An ice dragon (Lair:6)
  A centaur warrior (Vaults:4)
  A spriggan air mage (Depths:4)
  An ironbound frostheart (Vaults:4)
  2 dancing weapons (Elf:2)
  2 death knights
  2 two-headed ogres
  2 vampire magi (Crypt:1)
  A deep elf knight (Elf:2)
  6 skeletal warriors (Crypt:1)
  2 lindwurms (Vaults:3)
  11 deep trolls
  A deep elf archer (Elf:1)
  2 ironbound convokers (Vaults:5)
  2 phantasmal warriors
  A deep elf pyromancer (Vaults:5)
  3 orc knights (Vaults:4)
  2 deep elf zephyrmancers
  A faun (Shoals:1)
  A cyclops (D:11)
  3 ugly things
  An orc sorcerer (Vaults:4)
  A tengu skeleton (Vaults:5)
  A manticore (Shoals:4)
  5 moths of wrath
  7 vault sentinels
  A grey draconian zombie (Crypt:1)
  A nameless horror (Zot:5)
  A freezing wraith (D:7)
  4 yaktaurs
  A human skeleton (Vaults:5)
  A dream sheep (Shoals:2)
  An air elemental (Elf:2)
  A wraith (Crypt:1)
  A naga (Snake:3)
  2 wargs
  A two-headed ogre zombie (Crypt:1)
  2 orc warriors (Vaults:4)
  An orc wizard (Orc:2)
  2 orcs
224 creatures vanquished.

Vanquished Creatures (others)
  An Orb Guardian (Zot:4)
  The ghost of hitsuchi the Prestidigitator, an adept DsWn of Gozag (Elf:1)
  A fire giant (Vaults:5)
  A very ugly thing (Depths:3)
  2 ironbound thunderhulks (Vaults:1)
  A green draconian (Zot:5)
  Nessos (D:15)
  5 great orbs of eyes
  Josephine (D:13)
  A peacekeeper (Vaults:2)
  A merfolk aquamancer (Shoals:4)
  3 centaur warriors (Vaults:1)
  2 sea snakes (shapeshifter) (Vaults:5)
  2 wizards
  3 glowing orange brains
  A deep elf archer (Elf:1)
  A necromancer (Vaults:4)
  An ironbound convoker (Vaults:3)
  An orc knight (Orc:2)
  3 deep elf pyromancers
  2 deep elf zephyrmancers
  A merfolk siren (Shoals:2)
  A vault sentinel (Vaults:1)
  6 yaktaurs
  A floating eye (Depths:2)
  A polar bear (shapeshifter) (Depths:4)
  A raiju (shapeshifter) (Depths:2)
  A tyrant leech (shapeshifter) (Vaults:5)
  3 blink frogs
  2 dream sheep (Lair:5)
  26 slime creatures
  A spriggan (shapeshifter) (Vaults:5)
  2 water elementals
  2 yaks (Lair:6)
  A naga (Snake:4)
  A water moccasin (Lair:4)
  A swamp worm (shapeshifter) (Vaults:5)
  A floating eye (shapeshifter) (Vaults:5)
  4 orc warriors (Orc:2)
  2 black bears
  5 boggarts (Vaults:1)
  A wolf (Lair:4)
  2 centaurs
  3 bullfrogs
  A water moccasin skeleton (D:7)
  4 killer bees (Lair:4)
  337 jellies
  3 wights (D:7)
  A howler monkey (shapeshifter) (Abyss:2)
  An electric eel (D:14)
  A bullfrog zombie (D:5)
  A centaur zombie (D:6)
  A hound (D:4)
  3 orc priests (Orc:1)
  3 orc wizards
  3 adders
  19 orcs
  4 endoplasms
  A giant cockroach (D:1)
  2 goblins
  2 hobgoblins
  A jackal (D:3)
  A quokka (D:3)
  2 ball pythons
  2 bats (D:1)
  3 kobolds
  93 fungi
  A lurking horror (Abyss:2)
  231 plants
  18 tentacles (Shoals:4)
843 creatures vanquished.

Grand Total: 2850 creatures vanquished

Notes
Turn   | Place    | Note
-------+----------+-------------------------------------------
     0 | D:1      | Silk the Gargoyle Earth Elementalist began the quest for
                  | the Orb.
     0 | D:1      | Reached XP level 1. HP: 10/10 MP: 3/3
   234 | D:1      | Reached XP level 2. HP: 16/16 MP: 1/5
   234 | D:1      | Found a faded altar of an unknown god.
   265 | D:1      | Reached skill level 4 in Earth Magic
   274 | D:1      | Prayed at the altar of an unknown god.
   274 | D:1      | Became a worshipper of Jiyva Joann the Shapeless
   274 | D:1      | Reached * piety under Jiyva
   360 | D:1      | Found Jyxt's Jewellery Shop.
   403 | D:1      | Reached skill level 1 in Fighting
   540 | D:1      | Reached XP level 3. HP: 20/20 MP: 6/6
   632 | D:1      | Reached ** piety under Jiyva
   789 | D:1      | Learned a level 2 spell: Passwall
   793 | D:1      | Learned a level 3 spell: Stone Arrow
   861 | D:2      | Found a broken altar of Ashenzari.
   942 | D:2      | Noticed Robin
   957 | D:2      | Killed Robin
   958 | D:2      | Reached XP level 4. HP: 21/26 MP: 1/7
  1136 | D:2      | Reached skill level 5 in Earth Magic
  1315 | D:2      | Gained mutation: You are dopey. (Int -2) [potion of
                  | mutation]
  1315 | D:2      | Gained mutation: You sometimes lose the ability to read
                  | scrolls when taking damage. [potion of mutation]
  1315 | D:2      | Gained mutation: You possess an exceptional clarity of
                  | mind. [potion of mutation]
  1402 | D:3      | Reached XP level 5. HP: 30/30 MP: 6/9
  1557 | D:3      | Reached *** piety under Jiyva
  1803 | D:4      | Lost mutation: You possess an exceptional clarity of mind.
                  | [Jiyva's grace]
  1803 | D:4      | Lost mutation: You are dopey. (Int -2) [Jiyva's grace]
  1803 | D:4      | Gained mutation: Your large and strong wings let you fly.
                  | [Jiyva's grace]
  1803 | D:4      | Gained mutation: Your melee attacks may engulf your foes in
                  | ooze. [Jiyva's grace]
  1803 | D:4      | Gained mutation: Your translucent skin slightly reduces
                  | your foes' accuracy. (Stealth+) [Jiyva's grace]
  1803 | D:4      | Gained mutation: Your translucent skin reduces your foes'
                  | accuracy. (Stealth+) [Jiyva's grace]
  1840 | D:4      | Reached skill level 6 in Earth Magic
  1840 | D:4      | Reached XP level 6. HP: 36/36 MP: 6/10
  1952 | D:4      | Found a glowing golden altar of the Shining One.
  2225 | D:4      | Learned a level 4 spell: Petrify
  2268 | D:5      | Entered Level 5 of the Dungeon
  2285 | D:5      | Reached **** piety under Jiyva
  2607 | D:5      | Noticed an acid dragon
  2611 | D:5      | Killed an acid dragon
  2719 | D:5      | Reached skill level 7 in Earth Magic
  2719 | D:5      | Reached XP level 7. HP: 41/41 MP: 12/12
  3442 | D:6      | Noticed a steam dragon
  3456 | D:6      | Killed a steam dragon
  3457 | D:6      | Reached skill level 1 in Armour
  3495 | D:6      | Found a staircase to the Ecumenical Temple.
  3636 | D:6      | Noticed a wraith
  3654 | D:6      | Killed a wraith
  3732 | D:6      | Reached ***** piety under Jiyva
  3765 | D:6      | Gained mutation: You have large cloven feet. [Jiyva's
                  | grace]
  3765 | D:6      | Gained mutation: You have hoof-like feet. [Jiyva's grace]
  3765 | D:6      | Gained mutation: You have hooves in place of feet. [Jiyva's
                  | grace]
  3765 | D:6      | Gained mutation: You have a small jelly attached to you
                  | that may absorb projectiles. [Jiyva's grace]
  4071 | D:6      | Reached skill level 8 in Earth Magic
  4071 | D:6      | Reached XP level 8. HP: 48/48 MP: 14/14
  4274 | D:6      | Found a sparkling altar of Nemelex Xobeh.
  4275 | D:6      | Found an opulent altar of Gozag.
  4501 | D:6      | Learned a level 5 spell: Borgnjor's Vile Clutch
  4632 | D:7      | Identified the +5 chain mail "Fiasett" {Rampage Dex+3}
  4738 | D:7      | Reached skill level 1 in Transmutations
  4787 | D:7      | Noticed Prince Ribbit
  4798 | D:7      | Killed Prince Ribbit
  4799 | D:7      | Reached skill level 5 in Fighting
  4799 | D:7      | Reached skill level 1 in Necromancy
  4816 | D:7      | Noticed a skeletal warrior
  4816 | D:7      | Noticed a phantasmal warrior
  4817 | D:7      | Noticed a death knight
  4853 | D:7      | Killed a death knight
  4854 | D:7      | Reached skill level 9 in Earth Magic
  4854 | D:7      | Reached XP level 9. HP: 42/55 MP: 16/16
  4854 | D:7      | Killed a skeletal warrior
  4855 | D:7      | Reached skill level 5 in Spellcasting
  4863 | D:7      | Noticed a freezing wraith
  4871 | D:7      | Killed a freezing wraith
  4871 | D:7      | Killed a phantasmal warrior
  4872 | D:7      | Reached skill level 10 in Earth Magic
  4964 | D:7      | Reached XP level 10. HP: 63/63 MP: 18/18
  5429 | D:8      | Found a staircase to the Lair.
  5816 | D:8      | Lost mutation: Your large and strong wings let you fly.
                  | [Jiyva's grace]
  5816 | D:8      | Lost mutation: You have hooves in place of feet. [Jiyva's
                  | grace]
  5816 | D:8      | Lost mutation: Your translucent skin reduces your foes'
                  | accuracy. (Stealth+) [Jiyva's grace]
  5816 | D:8      | Lost mutation: Your translucent skin slightly reduces your
                  | foes' accuracy. (Stealth+) [Jiyva's grace]
  5816 | D:8      | Gained mutation: You have an increased reservoir of magic.
                  | (+10% MP) [Jiyva's grace]
  5816 | D:8      | Gained mutation: You have a considerably increased
                  | reservoir of magic. (+20% MP) [Jiyva's grace]
  5816 | D:8      | Gained mutation: You have a greatly increased reservoir of
                  | magic. (+30% MP) [Jiyva's grace]
  5816 | D:8      | Gained mutation: You passively dampen the noise of your
                  | surroundings. [Jiyva's grace]
  6026 | D:9      | Noticed Grum
  6042 | D:9      | Reached skill level 5 in Armour
  6045 | D:9      | Killed Grum
  6046 | D:9      | Reached skill level 11 in Earth Magic
  6097 | D:9      | Found a flagged portal.
  6102 | D:9      | Found a basalt altar of Yredelemnul.
  6102 | D:9      | Found a snail-covered altar of Cheibriados.
  6114 | Bailey   | Entered a bailey
  6617 | Bailey   | Reached XP level 11. HP: 68/68 MP: 26/26
  6844 | D:9      | Found an ornate altar of the Wu Jian Council.
  7042 | D:9      | Found a white marble altar of Elyvilon.
  7065 | D:9      | Lost mutation: Your melee attacks may engulf your foes in
                  | ooze. [potion of mutation]
  7065 | D:9      | Lost mutation: You passively dampen the noise of your
                  | surroundings. [potion of mutation]
  7065 | D:9      | Lost mutation: You have a greatly increased reservoir of
                  | magic. (+30% MP) [potion of mutation]
  7248 | D:9      | Learned a level 1 spell: Apportation
  7262 | D:10     | Entered Level 10 of the Dungeon
  7358 | D:10     | Reached skill level 12 in Earth Magic
  7440 | D:10     | Found a staircase to the Orcish Mines.
  7591 | D:10     | Identified the +0 ring mail "Iddesch" {rF+ Slay+5}
  7618 | D:10     | Found a shadowy altar of Dithmenos.
  7648 | D:10     | Found a shimmering altar of Xom.
  7916 | D:11     | Noticed a boulder beetle
  7949 | D:11     | Killed a boulder beetle
  7988 | D:11     | Noticed an orange crystal statue
  7999 | D:11     | Found a blossoming altar of Fedhas.
  8125 | D:11     | Noticed a soul eater
  8289 | D:11     | Reached ****** piety under Jiyva
  8289 | D:11     | Lost mutation: You sometimes lose the ability to read
                  | scrolls when taking damage. [Jiyva's grace]
  8289 | D:11     | Gained mutation: You are covered in slimy tendrils that may
                  | disarm your opponents. [Jiyva's grace]
  8289 | D:11     | Gained mutation: You have a pair of small antennae on your
                  | head. [Jiyva's grace]
  8289 | D:11     | Gained mutation: You have a pair of antennae on your head.
                  | [Jiyva's grace]
  8289 | D:11     | Gained mutation: You have a pair of large antennae on your
                  | head. (SInv) [Jiyva's grace]
  8292 | D:11     | Noticed a cyclops
  8298 | D:11     | Killed a cyclops
  8425 | D:11     | Noticed a cyan ugly thing
  8433 | D:11     | Killed a cyan ugly thing
  8457 | D:11     | Noticed a fire dragon
  8468 | D:11     | Killed a fire dragon
  8469 | D:11     | Reached skill level 5 in Transmutations
  8469 | D:11     | Reached skill level 13 in Earth Magic
  8543 | D:11     | Noticed a two-headed ogre
  8759 | D:11     | Reached skill level 5 in Necromancy
  8759 | D:11     | Reached XP level 12. HP: 76/76 MP: 27/27
  8775 | D:11     | Found Bifraomp's Bounteous Boutique.
  9073 | D:12     | You fall into a shaft and drop 1 floor!
  9102 | D:13     | Noticed a two-headed ogre
  9108 | D:13     | Killed a two-headed ogre
  9139 | D:13     | Noticed a seven-headed hydra
  9156 | D:13     | Killed a seven-headed hydra
  9386 | D:13     | Noticed a tengu warrior
  9390 | D:13     | Noticed a seven-headed hydra
  9390 | D:13     | Noticed a vault guard
  9390 | D:13     | Noticed a tengu warrior
  9391 | D:13     | Noticed a centaur warrior
  9400 | D:13     | Killed a tengu warrior
  9406 | D:13     | Killed a tengu warrior
  9407 | D:13     | Killed a seven-headed hydra
  9416 | D:13     | Noticed a centaur warrior
  9429 | D:13     | Killed a vault guard
  9431 | D:13     | Killed a centaur warrior
  9440 | D:13     | Noticed a vault guard
  9446 | D:13     | Killed a centaur warrior
  9447 | D:13     | Reached skill level 14 in Earth Magic
  9452 | D:13     | Noticed a vault guard
  9468 | D:13     | Killed a vault guard
  9468 | D:13     | Killed a vault guard
  9469 | D:13     | Reached skill level 10 in Fighting
  9473 | D:13     | Noticed a seven-headed hydra
  9480 | D:13     | Found a gate to the Vaults.
  9512 | D:13     | Killed a seven-headed hydra
  9539 | D:13     | Noticed a vault guard
  9548 | D:13     | Killed a vault guard
  9607 | D:13     | Noticed a boulder beetle
  9628 | D:13     | Killed a boulder beetle
  9629 | D:13     | Reached XP level 13. HP: 82/82 MP: 30/30
  9638 | D:13     | Noticed Rupert
  9653 | D:13     | Got the Incunabulum of the Quantum Oath
  9654 | D:13     | Paralysed by Rupert for 4 turns
  9664 | D:13     | Killed Rupert
  9718 | D:13     | Noticed Erolcha
  9723 | D:13     | Slimified Erolcha
  9723 | D:13     | Noticed Erolcha
  9723 | D:13     | Erolcha changed into Erolcha the endoplasm
  9784 | D:13     | Noticed Josephine
  9798 | D:13     | Killed Josephine
 10395 | D:12     | Reached skill level 15 in Earth Magic
 10604 | D:12     | Lost mutation: You have a pair of large antennae on your
                  | head. (SInv) [Jiyva's grace]
 10604 | D:12     | Lost mutation: You are covered in slimy tendrils that may
                  | disarm your opponents. [Jiyva's grace]
 10604 | D:12     | Lost mutation: You have a small jelly attached to you that
                  | may absorb projectiles. [Jiyva's grace]
 10604 | D:12     | Gained mutation: Your muscles are strong. (Str +2) [Jiyva's
                  | grace]
 10604 | D:12     | Gained mutation: Your muscles are very strong. (Str +4)
                  | [Jiyva's grace]
 10604 | D:12     | Gained mutation: You have acidic saliva. [Jiyva's grace]
 10604 | D:12     | Gained mutation: Your mind is acute. (Int +2) [Jiyva's
                  | grace]
 10958 | Lair:1   | Entered Level 1 of the Lair of Beasts
 10986 | Lair:1   | Noticed Joseph
 11011 | Lair:1   | Killed Joseph
 11793 | Lair:2   | Found a staircase to the Snake Pit.
 11939 | Lair:2   | Lost mutation: You have hoof-like feet. [Jiyva's grace]
 11939 | Lair:2   | Lost mutation: You have a considerably increased reservoir
                  | of magic. (+20% MP) [Jiyva's grace]
 11939 | Lair:2   | Gained mutation: You are covered in slimy tendrils that may
                  | disarm your opponents. [Jiyva's grace]
 11939 | Lair:2   | Gained mutation: Your rubbery body absorbs attacks. (AC +1,
                  | EV +1) [Jiyva's grace]
 11939 | Lair:2   | Gained mutation: Your pliable body absorbs attacks. (AC +2,
                  | EV +2) [Jiyva's grace]
 11939 | Lair:2   | Gained mutation: Your gelatinous body deflects attacks. (AC
                  | +3, EV +3) [Jiyva's grace]
 13338 | Lair:4   | Found a runed translucent door.
 13338 | Lair:4   | Noticed ptr's ghost (journeyman FeEn)
 13362 | Lair:4   | Killed ptr's ghost
 13533 | Lair:4   | Gained mutation: Your large and strong wings let you fly.
                  | [Gargoyle growth]
 13533 | Lair:4   | Reached XP level 14. HP: 90/90 MP: 29/29
 13596 | Lair:4   | Identified the amulet "Exka" {rPois Regen+ Str+3}
 13642 | Lair:4   | Reached skill level 16 in Earth Magic
 13720 | Lair:4   | Found a staircase to the Shoals.
 13769 | Lair:4   | Lost mutation: You have large cloven feet. [Jiyva's grace]
 13769 | Lair:4   | Lost mutation: Your mind is acute. (Int +2) [Jiyva's grace]
 13769 | Lair:4   | Gained mutation: Your movements are slightly less
                  | encumbered by armour. (ER -2) [Jiyva's grace]
 13769 | Lair:4   | Gained mutation: Your movements are less encumbered by
                  | armour. (ER -4) [Jiyva's grace]
 13769 | Lair:4   | Gained mutation: Your movements are significantly less
                  | encumbered by armour. (ER -6) [Jiyva's grace]
 13769 | Lair:4   | Gained mutation: Your flesh is heat resistant. (rF+)
                  | [Jiyva's grace]
 14207 | Lair:4   | Learned a level 5 spell: Alistair's Intoxication
 14389 | Lair:5   | Noticed Snorg
 14394 | Lair:5   | Reached skill level 1 in Poison Magic
 14413 | Lair:5   | Killed Snorg
 14440 | Lair:4   | Reached skill level 10 in Armour
 15075 | Lair:6   | Entered Level 6 of the Lair of Beasts
 15372 | Lair:6   | Reached skill level 17 in Earth Magic
 15377 | Lair:6   | Reached XP level 15. HP: 96/96 MP: 31/31
 15506 | Lair:6   | Identified the amulet "Gumoz" {Reflect rN+ Int+5 SH+5}
 15548 | Lair:6   | Lost mutation: You have a pair of antennae on your head.
                  | [Jiyva's grace]
 15548 | Lair:6   | Lost mutation: Your muscles are very strong. (Str +4)
                  | [Jiyva's grace]
 15548 | Lair:6   | Lost mutation: Your gelatinous body deflects attacks. (AC
                  | +3, EV +3) [Jiyva's grace]
 15548 | Lair:6   | Lost mutation: Your movements are significantly less
                  | encumbered by armour. (ER -6) [Jiyva's grace]
 15548 | Lair:6   | Gained mutation: You are partially covered in large bone
                  | plates. (SH +4) [Jiyva's grace]
 15548 | Lair:6   | Gained mutation: You are mostly covered in large bone
                  | plates. (SH +6) [Jiyva's grace]
 15548 | Lair:6   | Gained mutation: You are completely covered in large bone
                  | plates. (SH +8) [Jiyva's grace]
 15548 | Lair:6   | Gained mutation: Armour fits poorly on your pseudopods.
                  | [Jiyva's grace]
 15675 | Lair:6   | Found a staircase to the Slime Pits.
 15924 | Lair:6   | Found a runed translucent door.
 16032 | Lair:6   | Reached skill level 10 in Spellcasting
 16250 | Lair:6   | Identified the ring "Gatife" {rN+ MP+9 EV+4 Dex+5}
 16616 | Slime:1  | Entered Level 1 of the Pits of Slime
 16622 | Slime:1  | Noticed an acid blob
 16626 | Slime:1  | Noticed an acid blob
 16630 | Slime:2  | Noticed a rockslime
 16651 | Slime:3  | Noticed an acid blob
 16663 | Slime:4  | Noticed an azure jelly
 16681 | Slime:5  | Entered Level 5 of the Pits of Slime
 16681 | Slime:5  | Noticed an acid blob
 16700 | Slime:5  | Noticed an acid blob
 16713 | Slime:5  | Noticed an acid blob
 16714 | Slime:5  | Noticed a rockslime
 16715 | Slime:5  | Found a viscous altar of Jiyva.
 16715 | Slime:5  | Noticed an acid blob
 16716 | Slime:5  | Noticed an acid blob
 16716 | Slime:5  | Noticed the Royal Jelly
 16718 | Slime:5  | Noticed an acid blob
 16719 | Slime:5  | Noticed a rockslime
 16719 | Slime:5  | Noticed an acid blob
 16721 | Slime:5  | Got Zothuek's Handbook of Damaging Dark Rites
 16723 | Slime:5  | Identified the amulet "Goliekal" {Spirit Contam Dex+8
                  | Stlth+}
 16732 | Slime:5  | Got the Almanac of Attacks
 16737 | Slime:5  | Got a slimy rune of Zot
 16747 | Slime:5  | Identified the +1 quarterstaff of the Real Monster {flame,
                  | rElec rF+ Will+}
 16749 | Slime:5  | Identified the +2 hand axe of Crawling {vamp, rN+ Will+
                  | Str+2 Dex+4}
 16755 | Slime:5  | Noticed an acid blob
 16762 | Slime:5  | Noticed a rockslime
 16980 | Orc:1    | Entered Level 1 of the Orcish Mines
 17268 | Orc:2    | Entered Level 2 of the Orcish Mines
 17301 | Orc:2    | Found a staircase to the Elven Halls.
 17382 | Orc:2    | Noticed an orc warlord
 17403 | Orc:2    | Killed an orc warlord
 17545 | Orc:1    | Found Oluoff's Jewellery Emporium.
 17845 | Orc:2    | Found Vowuetos's General Store.
 17845 | Orc:2    | Found Ynoutom's Jewellery Emporium.
 17989 | Orc:2    | Found Zotasch's Antique Armour Boutique.
 17992 | Orc:2    | Found Kufujynt's Weapon Shoppe.
 18064 | Orc:2    | Learned a level 6 spell: Eringya's Noxious Bog
 18339 | Snake:1  | Entered Level 1 of the Snake Pit
 18345 | Snake:1  | Reached skill level 5 in Poison Magic
 18397 | Snake:1  | Reached skill level 1 in Shields
 18415 | Snake:1  | Lost mutation: You are completely covered in large bone
                  | plates. (SH +8) [Jiyva's grace]
 18415 | Snake:1  | Lost mutation: You are mostly covered in large bone plates.
                  | (SH +6) [Jiyva's grace]
 18415 | Snake:1  | Lost mutation: You have acidic saliva. [Jiyva's grace]
 18415 | Snake:1  | Lost mutation: Your movements are less encumbered by
                  | armour. (ER -4) [Jiyva's grace]
 18415 | Snake:1  | Lost mutation: Your movements are slightly less encumbered
                  | by armour. (ER -2) [Jiyva's grace]
 18415 | Snake:1  | Gained mutation: You are robust. (+10% HP) [Jiyva's grace]
 18415 | Snake:1  | Gained mutation: You are very robust. (+20% HP) [Jiyva's
                  | grace]
 18415 | Snake:1  | Gained mutation: You are extremely robust. (+30% HP)
                  | [Jiyva's grace]
 18415 | Snake:1  | Gained mutation: You have a pair of antennae on your head.
                  | [Jiyva's grace]
 18572 | Snake:1  | Reached XP level 16. HP: 126/133 MP: 33/33
 19037 | Snake:2  | Found Ypoude Vigo's Book Emporium.
 19266 | Snake:2  | Lost mutation: You have a pair of antennae on your head.
                  | [Jiyva's grace]
 19266 | Snake:2  | Lost mutation: You have a pair of small antennae on your
                  | head. [Jiyva's grace]
 19266 | Snake:2  | Lost mutation: You are partially covered in large bone
                  | plates. (SH +4) [Jiyva's grace]
 19266 | Snake:2  | Lost mutation: Your muscles are strong. (Str +2) [Jiyva's
                  | grace]
 19266 | Snake:2  | Lost mutation: Your pliable body absorbs attacks. (AC +2,
                  | EV +2) [Jiyva's grace]
 19266 | Snake:2  | Gained mutation: Your flesh is very heat resistant. (rF++)
                  | [Jiyva's grace]
 19266 | Snake:2  | Gained mutation: Your flesh is almost immune to the effects
                  | of heat. (rF+++) [Jiyva's grace]
 19266 | Snake:2  | Gained mutation: You are partially covered in iridescent
                  | scales. (AC +2) [Jiyva's grace]
 19266 | Snake:2  | Gained mutation: You are mostly covered in iridescent
                  | scales. (AC +4) [Jiyva's grace]
 20054 | Snake:2  | Bought a book of the Wilderness for 608 gold pieces
 20068 | Snake:2  | Learned a level 5 spell: Summon Mana Viper
 20372 | Snake:3  | Noticed a nagaraja
 20383 | Snake:3  | Reached skill level 1 in Summonings
 20387 | Snake:3  | Reached skill level 1 in Hexes
 20387 | Snake:3  | Killed a nagaraja
 20445 | Snake:3  | Found an iron altar of Okawaru.
 21093 | Shoals:1 | Entered Level 1 of the Shoals
 21182 | Shoals:1 | Lost mutation: You have an increased reservoir of magic.
                  | (+10% MP) [Jiyva's grace]
 21182 | Shoals:1 | Lost mutation: Armour fits poorly on your pseudopods.
                  | [Jiyva's grace]
 21182 | Shoals:1 | Gained mutation: You are strong-willed. (Will+) [Jiyva's
                  | grace]
 21182 | Shoals:1 | Gained mutation: You are highly strong-willed. (Will++)
                  | [Jiyva's grace]
 21182 | Shoals:1 | Gained mutation: You are extremely strong-willed. (Will+++)
                  | [Jiyva's grace]
 21182 | Shoals:1 | Gained mutation: You are completely covered in iridescent
                  | scales. (AC +6) [Jiyva's grace]
 21237 | Shoals:1 | Reached skill level 18 in Earth Magic
 21423 | Shoals:1 | Found Elerphofu's Book Shoppe.
 21476 | Shoals:1 | Bought a book of the Moon for 640 gold pieces
 21486 | Shoals:1 | Learned a level 8 spell: Lehudib's Crystal Spear
 22092 | Shoals:2 | Reached skill level 1 in Conjurations
 22202 | Shoals:2 | Got Dyczecs's Papyrus of Confrontation
 22229 | Shoals:2 | Reached XP level 17. HP: 141/141 MP: 31/32
 23116 | Shoals:3 | Reached skill level 10 in Transmutations
 23950 | Elf:1    | Entered Level 1 of the Elven Halls
 23969 | Elf:1    | Killed hitsuchi's ghost
 23983 | Elf:1    | Lost mutation: Your flesh is almost immune to the effects
                  | of heat. (rF+++) [Jiyva's grace]
 23983 | Elf:1    | Lost mutation: You are extremely strong-willed. (Will+++)
                  | [Jiyva's grace]
 23983 | Elf:1    | Lost mutation: You are highly strong-willed. (Will++)
                  | [Jiyva's grace]
 23983 | Elf:1    | Lost mutation: You are extremely robust. (+30% HP) [Jiyva's
                  | grace]
 23983 | Elf:1    | Gained mutation: Your pliable body absorbs attacks. (AC +2,
                  | EV +2) [Jiyva's grace]
 23983 | Elf:1    | Gained mutation: Your gelatinous body deflects attacks. (AC
                  | +3, EV +3) [Jiyva's grace]
 23983 | Elf:1    | Gained mutation: Your mind is acute. (Int +2) [Jiyva's
                  | grace]
 23983 | Elf:1    | Gained mutation: Your mind is very acute. (Int +4) [Jiyva's
                  | grace]
 23987 | Elf:1    | Noticed Nikola
 24002 | Elf:1    | Killed Nikola
 24048 | Elf:1    | Paralysed by an air elemental for 1 turns
 24053 | Elf:1    | Paralysed by an air elemental for 1 turns
 24082 | Elf:1    | Found Sopetof's Distillery.
 24187 | Elf:1    | Reached skill level 5 in Shields
 24233 | Elf:1    | Reached skill level 5 in Conjurations
 24458 | Elf:1    | Reached XP level 18. HP: 111/139 MP: 33/33
 24558 | Elf:1    | Found a runed translucent gate.
 24558 | Elf:1    | Found a runed translucent gate.
 24559 | Elf:1    | Found a runed translucent gate.
 24562 | Elf:1    | Found a viscous altar of Jiyva.
 24576 | Elf:1    | Identified Roxanne's Catalogue of Transmutation
 24576 | Elf:1    | Noticed Roxanne
 24628 | Elf:1    | Found Voburek's Jewellery Emporium.
 24628 | Elf:1    | Found Juagypib's Book Shop.
 24630 | Elf:1    | Found Carhas's Jewellery Emporium.
 24894 | Elf:1    | Killed Roxanne
 25005 | Elf:2    | Reached skill level 19 in Earth Magic
 25212 | Elf:2    | Found a runed translucent gate.
 25212 | Elf:2    | Found a runed translucent gate.
 25212 | Elf:2    | Found a runed translucent gate.
 25318 | Elf:2    | Paralysed by an air elemental for 1 turns
 25321 | Elf:2    | Paralysed by an air elemental for 1 turns
 25476 | Elf:2    | Found Gaimemi's Distillery.
 25672 | Elf:2    | Reached skill level 10 in Necromancy
 25795 | Elf:2    | Learned a level 5 spell: Irradiate
 26083 | Elf:3    | Entered Level 3 of the Elven Halls
 26234 | Elf:3    | Paralysed by an air elemental for 1 turns
 26392 | Elf:3    | Noticed a caustic shrike
 26487 | Elf:3    | Identified the +6 great sword of Joantol {drain, rElec rC+
                  | Will-}
 26536 | Elf:3    | Identified the +7 battleaxe of Annihilation {antimagic,
                  | rN+}
 26536 | Elf:3    | Identified the ring of Miryuse {Fire Str+4}
 26555 | Elf:3    | Noticed a deep elf blademaster
 26615 | Elf:3    | Noticed a deep elf blademaster
 26619 | Elf:3    | Killed a deep elf blademaster
 26620 | Elf:3    | Reached skill level 1 in Long Blades
 26623 | Elf:3    | Killed a deep elf blademaster
 26692 | Elf:3    | Paralysed by an air elemental for 1 turns
 26699 | Elf:3    | Reached skill level 5 in Hexes
 26859 | Elf:3    | Noticed a Brimstone Fiend
 27027 | Elf:3    | Lost mutation: You are completely covered in iridescent
                  | scales. (AC +6) [Jiyva's grace]
 27027 | Elf:3    | Gained mutation: You have acidic saliva. [Jiyva's grace]
 27027 | Elf:3    | Gained mutation: You are completely covered in iridescent
                  | scales. (AC +6) [Jiyva's grace]
 27027 | Elf:3    | Gained mutation: Your melee attacks may engulf your foes in
                  | ooze. [Jiyva's grace]
 27027 | Elf:3    | Gained mutation: You have a pair of small horns on your
                  | head. [Jiyva's grace]
 27122 | Elf:3    | Identified the +4 plate armour of Orthodoxy {rC+ Regen+}
 27122 | Elf:3    | Noticed a deep elf master archer
 27122 | Elf:3    | Noticed a deep elf master archer
 27126 | Elf:3    | Killed a deep elf master archer
 27127 | Elf:3    | Reached skill level 5 in Summonings
 27128 | Elf:3    | Killed a deep elf master archer
 27129 | Elf:3    | Reached XP level 19. HP: 112/145 MP: 35/35
 27137 | Elf:3    | Identified the +8 falchion "Baocid Nogij" {vorpal, *Noise
                  | rPois Int+8 Dex-5}
 27328 | Elf:3    | Got the Catalogue of Orientation
 27341 | Elf:3    | Identified the +2 chain mail of the Enchanted Forest {rF+}
 27350 | Elf:3    | Identified the +2 long sword of Dissatisfaction {flame,
                  | rPois rC+ Int+5 Dex+4}
 27640 | Elf:1    | Bought the ring "Qanis" {rF+ rC+ Str-4 Int+3 SInv} for 534
                  | gold pieces
 28098 | D:14     | Learned a level 2 spell: Blink
 28274 | D:14     | Noticed Jorgrun
 28282 | D:14     | Killed Jorgrun
 28642 | D:15     | Entered Level 15 of the Dungeon
 28668 | D:15     | Cast into level 2 of the Abyss (skeletal warrior)
 28668 | Abyss:2  | Found a corrupted altar of Lugonu.
 28882 | Abyss:2  | Noticed a bone dragon
 28935 | Abyss:3  | Found a corrupted altar of Lugonu.
 28938 | Abyss:3  | Found a corrupted altar of Lugonu.
 28942 | Abyss:3  | Noticed a tentacled monstrosity
 28958 | D:15     | Escaped the Abyss
 28959 | D:15     | Noticed Azrael
 28982 | D:15     | Killed Azrael
 29041 | D:15     | Reached skill level 20 in Earth Magic
 29083 | D:15     | Found Qolelut's Distillery.
 29271 | D:15     | Found a staircase to the Depths.
 29436 | D:15     | Noticed Nessos
 29441 | D:15     | Killed Nessos
 29610 | D:15     | Lost mutation: You have a pair of small horns on your head.
                  | [Jiyva's grace]
 29610 | D:15     | Lost mutation: You are completely covered in iridescent
                  | scales. (AC +6) [Jiyva's grace]
 29610 | D:15     | Lost mutation: You are covered in slimy tendrils that may
                  | disarm your opponents. [Jiyva's grace]
 29610 | D:15     | Lost mutation: Your melee attacks may engulf your foes in
                  | ooze. [Jiyva's grace]
 29610 | D:15     | Gained mutation: You are partially covered in large bone
                  | plates. (SH +4) [Jiyva's grace]
 29610 | D:15     | Gained mutation: You are mostly covered in large bone
                  | plates. (SH +6) [Jiyva's grace]
 29610 | D:15     | Gained mutation: You are completely covered in large bone
                  | plates. (SH +8) [Jiyva's grace]
 29610 | D:15     | Gained mutation: Your movements are slightly less
                  | encumbered by armour. (ER -2) [Jiyva's grace]
 29839 | Elf:1    | Bought a book of Power for 714 gold pieces
 29848 | Elf:1    | Learned a level 6 spell: Iron Shot
 30034 | Vaults:1 | Entered Level 1 of the Vaults
 30034 | Vaults:1 | Found Pozyeson's Distillery.
 30082 | Vaults:1 | Identified a scroll of acquirement
 30083 | Vaults:1 | Acquired 909 gold pieces
 30232 | Vaults:1 | Found Saafywieg's Magic Scroll Boutique.
 30285 | Vaults:1 | Identified the +4 kite shield "Vec Res" {Fly rC+++ Slay+2
                  | Stlth-}
 30444 | Vaults:1 | Found Dyubeuw's Magic Scroll Emporium.
 30516 | Vaults:1 | Found Owint's Antique Armour Emporium.
 30522 | Vaults:1 | Bought a glowing scarf for 328 gold pieces
 31181 | Vaults:2 | Noticed Boris
 31191 | Vaults:2 | Killed Boris
 31327 | Vaults:2 | Reached skill level 10 in Conjurations
 31327 | Vaults:2 | Reached XP level 20. HP: 141/153 MP: 37/37
 31333 | Vaults:2 | Noticed Margery
 31437 | Vaults:2 | Noticed Asterion
 31439 | Vaults:2 | Reached skill level 15 in Fighting
 31581 | Vaults:2 | Killed Margery
 31787 | Vaults:2 | Lost mutation: You are strong-willed. (Will+) [Jiyva's
                  | grace]
 31787 | Vaults:2 | Gained mutation: Your muscles are strong. (Str +2) [Jiyva's
                  | grace]
 31787 | Vaults:2 | Gained mutation: Your muscles are very strong. (Str +4)
                  | [Jiyva's grace]
 31787 | Vaults:2 | Gained mutation: Your flesh is almost immune to the effects
                  | of heat. (rF+++) [Jiyva's grace]
 31787 | Vaults:2 | Gained mutation: You have a small jelly attached to you
                  | that senses nearby items. [Jiyva's grace]
 31922 | Vaults:2 | Killed Asterion
 32581 | Snake:4  | Entered Level 4 of the Snake Pit
 32581 | Snake:4  | Found a transporter.
 32605 | Snake:4  | Reached skill level 21 in Earth Magic
 32642 | Snake:4  | Found Liuxkef's Self-Improvement Boutique.
 32683 | Snake:4  | Reached skill level 5 in Long Blades
 32788 | Snake:4  | Got a serpentine rune of Zot
 32960 | Snake:4  | Found a transporter.
 32971 | Snake:4  | Found a bloodstained altar of Trog.
 32978 | Snake:4  | Noticed ghwc's ghost (adept MiFi)
 33294 | Snake:4  | Learned a level 7 spell: Spellforged Servitor
 33432 | Shoals:4 | Entered Level 4 of the Shoals
 33447 | Shoals:4 | Noticed Donald
 33455 | Shoals:4 | Killed Donald
 33456 | Shoals:4 | Reached XP level 21. HP: 162/162 MP: 25/39
 33471 | Shoals:4 | Identified the +0 pair of boots "Inezoit" {+Inv rC- Regen+
                  | Str+2}
 33546 | Shoals:4 | Noticed Louise
 33563 | Shoals:4 | Killed Louise
 33603 | Shoals:4 | Got a barnacled rune of Zot
 34090 | Shoals:4 | Lost mutation: You are completely covered in large bone
                  | plates. (SH +8) [Jiyva's grace]
 34090 | Shoals:4 | Lost mutation: You are mostly covered in large bone plates.
                  | (SH +6) [Jiyva's grace]
 34090 | Shoals:4 | Lost mutation: Your mind is very acute. (Int +4) [Jiyva's
                  | grace]
 34090 | Shoals:4 | Lost mutation: Your flesh is almost immune to the effects
                  | of heat. (rF+++) [Jiyva's grace]
 34090 | Shoals:4 | Lost mutation: You are very robust. (+20% HP) [Jiyva's
                  | grace]
 34090 | Shoals:4 | Lost mutation: Your muscles are very strong. (Str +4)
                  | [Jiyva's grace]
 34090 | Shoals:4 | Lost mutation: You have acidic saliva. [Jiyva's grace]
 34090 | Shoals:4 | Lost mutation: Your movements are slightly less encumbered
                  | by armour. (ER -2) [Jiyva's grace]
 34090 | Shoals:4 | Gained mutation: Your spells are a little harder to cast,
                  | but a little more powerful. [Jiyva's grace]
 34090 | Shoals:4 | Gained mutation: Your spells are harder to cast, but more
                  | powerful. [Jiyva's grace]
 34090 | Shoals:4 | Gained mutation: Your spells are much harder to cast, but
                  | much more powerful. [Jiyva's grace]
 34090 | Shoals:4 | Gained mutation: Your melee attacks may engulf your foes in
                  | ooze. [Jiyva's grace]
 34598 | Depths:1 | Entered Level 1 of the Depths
 34630 | Depths:1 | Found Optiolog's Book Shop.
 34666 | Depths:1 | Found a one-way gateway to a ziggurat.
 34755 | Depths:1 | Found a broken altar of Ashenzari.
 34807 | Depths:1 | Found Jezud's Assorted Antiques.
 34819 | Depths:1 | Found a gateway to Hell.
 34917 | Depths:1 | Found Ruvoruo's Distillery.
 34917 | Depths:1 | Found Fakh's Antique Armour Shop.
 34920 | Depths:1 | Found Belu Mar's Book Boutique.
 34974 | Depths:1 | Found a one-way gate to the infinite horrors of the Abyss.
 35135 | Depths:1 | Found Qoehuarr's Gadget Gallery.
 35506 | Snake:4  | Bought a manual of Shields for 1200 gold pieces
 35815 | Depths:2 | Noticed Aizul
 35819 | Depths:2 | Killed Aizul
 36352 | Depths:2 | Noticed a golden dragon
 36353 | Depths:2 | Identified the +5 fustibalus of the Key {freeze, +Blink
                  | rF+}
 36360 | Depths:1 | Reached skill level 22 in Earth Magic
 36363 | Depths:1 | Killed a golden dragon
 36386 | Depths:2 | Found a one-way gate leading to the halls of Pandemonium.
 36724 | Depths:2 | Reached XP level 22. HP: 155/155 MP: 33/40
 36740 | Depths:2 | Reached skill level 15 in Spellcasting
 37202 | Depths:2 | Noticed a caustic shrike
 37202 | Depths:2 | Noticed a caustic shrike
 37202 | Depths:2 | Noticed a caustic shrike
 37202 | Depths:2 | Noticed a caustic shrike
 37202 | Depths:2 | Noticed a caustic shrike
 37207 | Depths:2 | Killed a caustic shrike
 37208 | Depths:2 | Killed a caustic shrike
 37215 | Depths:2 | Killed a caustic shrike
 37216 | Depths:2 | Killed a caustic shrike
 37220 | Depths:2 | Killed a caustic shrike
 37221 | Depths:2 | Reached skill level 10 in Shields
 37290 | Depths:3 | Lost mutation: Your muscles are strong. (Str +2) [Jiyva's
                  | grace]
 37290 | Depths:3 | Lost mutation: Your spells are much harder to cast, but
                  | much more powerful. [Jiyva's grace]
 37290 | Depths:3 | Lost mutation: Your spells are harder to cast, but more
                  | powerful. [Jiyva's grace]
 37290 | Depths:3 | Lost mutation: Your gelatinous body deflects attacks. (AC
                  | +3, EV +3) [Jiyva's grace]
 37290 | Depths:3 | Gained mutation: You have a small jelly attached to you
                  | that may absorb projectiles. [Jiyva's grace]
 37290 | Depths:3 | Gained mutation: You have sharp toenails. [Jiyva's grace]
 37290 | Depths:3 | Gained mutation: You have razor-sharp toenails. [Jiyva's
                  | grace]
 37290 | Depths:3 | Gained mutation: You have claws for feet. [Jiyva's grace]
 37432 | Depths:3 | Noticed Boris
 37438 | Depths:3 | Killed Boris
 38078 | Depths:4 | Entered Level 4 of the Depths
 38209 | Depths:4 | Noticed a juggernaut
 38223 | Depths:4 | Killed a juggernaut
 38238 | Depths:4 | Found a gate to the Realm of Zot.
 38291 | Depths:4 | Found Goimadd's Changing Room.
 38516 | Depths:4 | Found a runed translucent door.
 38570 | Depths:4 | Reached XP level 23. HP: 159/162 MP: 14/42
 38575 | Depths:4 | Got Qasicre's Handbook of Beguiling and Flames
 38576 | Depths:4 | Identified the +8 dagger "Kuabbal" {vamp, rF++}
 39458 | Vaults:3 | Lost mutation: Your mind is acute. (Int +2) [Jiyva's grace]
 39458 | Vaults:3 | Lost mutation: Your melee attacks may engulf your foes in
                  | ooze. [Jiyva's grace]
 39458 | Vaults:3 | Gained mutation: Your translucent skin slightly reduces
                  | your foes' accuracy. (Stealth+) [Jiyva's grace]
 39458 | Vaults:3 | Gained mutation: Your translucent skin reduces your foes'
                  | accuracy. (Stealth+) [Jiyva's grace]
 39458 | Vaults:3 | Gained mutation: Your transparent skin significantly
                  | reduces your foes' accuracy. (Stealth+) [Jiyva's grace]
 39458 | Vaults:3 | Gained mutation: Your mind is acute. (Int +2) [Jiyva's
                  | grace]
 39629 | Vaults:3 | Noticed Xtahua
 39670 | Vaults:3 | Paralysed by Xtahua for 7 turns
 39684 | Vaults:3 | Killed Xtahua
 39967 | Vaults:3 | Found Binalot's Antique Weapon Emporium.
 39973 | Vaults:3 | Bought a crystal hand crossbow for 391 gold pieces
 39973 | Vaults:3 | Identified the +2 hand crossbow of Cowardice {freeze, SInv}
                  | (You bought it in a shop on level 3 of the Vaults)
 39977 | Vaults:3 | Bought a dazzling scimitar for 414 gold pieces
 39977 | Vaults:3 | Identified the +8 scimitar "Tunyn" {flame, Contam rF+++
                  | SInv Stlth-} (You bought it in a shop on level 3 of the
                  | Vaults)
 40407 | Vaults:3 | Found a staircase to the Crypt.
 40530 | Vaults:4 | Reached skill level 15 in Conjurations
 40650 | Vaults:4 | Noticed Bai Suzhen
 40664 | Vaults:4 | Killed Bai Suzhen
 40665 | Vaults:4 | Reached skill level 10 in Summonings
 40993 | Vaults:4 | Found Saanuk's Distillery.
 40993 | Vaults:4 | Noticed Saint Roka
 41008 | Vaults:4 | Killed Saint Roka
 41009 | Vaults:4 | Reached skill level 15 in Shields
 41507 | Vaults:4 | Learned a level 5 spell: Alistair's Intoxication
 41749 | D:15     | Bought a potion of cancellation for 104 gold pieces
 41749 | D:15     | Bought a potion of heal wounds for 65 gold pieces
 41967 | Elf:1    | Bought a potion of curing for 45 gold pieces
 41967 | Elf:1    | Bought a potion of heal wounds for 75 gold pieces
 42267 | Vaults:5 | Entered Level 5 of the Vaults
 42272 | Vaults:5 | Reached skill level 23 in Earth Magic
 42276 | Vaults:5 | Reached XP level 24. HP: 171/171 MP: 42/42
 42371 | Vaults:5 | Lost mutation: You are mostly covered in iridescent scales.
                  | (AC +4) [Jiyva's grace]
 42371 | Vaults:5 | Lost mutation: Your spells are a little harder to cast, but
                  | a little more powerful. [Jiyva's grace]
 42371 | Vaults:5 | Lost mutation: Your transparent skin significantly reduces
                  | your foes' accuracy. (Stealth+) [Jiyva's grace]
 42371 | Vaults:5 | Lost mutation: Your translucent skin reduces your foes'
                  | accuracy. (Stealth+) [Jiyva's grace]
 42371 | Vaults:5 | Gained mutation: Your body has grown eyes which may confuse
                  | attackers. (Acc +3) [Jiyva's grace]
 42371 | Vaults:5 | Gained mutation: Your body has grown many eyes which may
                  | confuse attackers. (Acc +5) [Jiyva's grace]
 42371 | Vaults:5 | Gained mutation: Your body is covered in eyes which may
                  | confuse attackers. (Acc +7, SInv) [Jiyva's grace]
 42371 | Vaults:5 | Gained mutation: You have acidic saliva. [Jiyva's grace]
 42426 | Vaults:5 | Found Fuwynnid's Antique Weapon Boutique.
 42450 | Vaults:5 | Got a silver rune of Zot
 42603 | Vaults:5 | Noticed a dread lich
 42613 | Vaults:5 | Killed a dread lich
 42667 | Vaults:5 | Noticed an ancient lich
 42670 | Vaults:5 | Killed an ancient lich
 42676 | Vaults:5 | Found Dathah's Distillery.
 42810 | Vaults:5 | Noticed an ancient lich
 42817 | Vaults:5 | Killed an ancient lich
 43004 | Vaults:5 | Reached XP level 25. HP: 151/177 MP: 37/43
 43058 | Vaults:5 | Found Qeili's Jewellery Shoppe.
 43133 | Vaults:5 | Bought a potion of heal wounds for 70 gold pieces
 43133 | Vaults:5 | Bought a potion of haste for 140 gold pieces
 43364 | Vaults:5 | Found Ruakhlume's Magic Scroll Shoppe.
 43364 | Vaults:5 | Found Mualer's Distillery.
 43369 | Vaults:5 | Bought a scroll of teleportation for 45 gold pieces
 43369 | Vaults:5 | Bought a scroll of amnesia for 52 gold pieces
 43379 | Vaults:5 | Found Xuob's Magic Scroll Emporium.
 43387 | Vaults:5 | Bought a scroll of teleportation for 60 gold pieces
 43395 | Vaults:5 | Found Xotweas's Magic Scroll Boutique.
 43400 | Vaults:5 | Bought a scroll of fog for 36 gold pieces
 43400 | Vaults:5 | Bought a scroll of fog for 36 gold pieces
 43400 | Vaults:5 | Bought a scroll of fog for 36 gold pieces
 43400 | Vaults:5 | Bought a scroll of fog for 36 gold pieces
 43400 | Vaults:5 | Bought a scroll of fog for 36 gold pieces
 43407 | Vaults:5 | Found Biareug's Distillery.
 43482 | Vaults:5 | Found Zodylisi's Antique Armour Shoppe.
 43486 | Vaults:5 | Bought a pair of warped boots for 228 gold pieces
 43486 | Vaults:5 | Identified the +0 pair of boots "Zeunet" {+Blink rC+ MP+9
                  | Slay+2} (You bought it in a shop on level 5 of the Vaults)
 43624 | Vaults:5 | Found Zaan's Magic Scroll Emporium.
 43629 | Vaults:5 | Bought a scroll of fog for 30 gold pieces
 43629 | Vaults:5 | Bought a scroll of fog for 30 gold pieces
 43988 | Snake:2  | Bought a book of the Hunter for 416 gold pieces
 43992 | Snake:2  | Learned a level 3 spell: Portal Projectile
 44325 | Zot:1    | Entered Level 1 of the Realm of Zot
 44379 | Zot:1    | Reached skill level 1 in Crossbows
 45424 | Zot:2    | Identified the +9 spear "Peod" {elec, rElec rC+++ rCorr
                  | Int-4}
 46072 | Zot:2    | Learned a level 7 spell: Haunt
 46111 | Zot:3    | Noticed an orb of fire
 46111 | Zot:3    | Lost mutation: Your body is covered in eyes which may
                  | confuse attackers. (Acc +7, SInv) [Jiyva's grace]
 46111 | Zot:3    | Lost mutation: Your translucent skin slightly reduces your
                  | foes' accuracy. (Stealth+) [Jiyva's grace]
 46111 | Zot:3    | Gained mutation: You are covered in slimy tendrils that may
                  | disarm your opponents. [Jiyva's grace]
 46111 | Zot:3    | Gained mutation: You passively dampen the noise of your
                  | surroundings. [Jiyva's grace]
 46111 | Zot:3    | Gained mutation: Your melee attacks may engulf your foes in
                  | ooze. [Jiyva's grace]
 46111 | Zot:3    | Gained mutation: Your mind is very acute. (Int +4) [Jiyva's
                  | grace]
 46264 | Zot:3    | Reached skill level 5 in Crossbows
 46642 | Zot:3    | Killed an orb of fire
 47394 | Vaults:5 | Bought the ring "Deokipp" {rC+ Will+ Str+3} for 634 gold
                  | pieces
 48138 | Zot:4    | Lost mutation: You have claws for feet. [Jiyva's grace]
 48138 | Zot:4    | Lost mutation: You are partially covered in large bone
                  | plates. (SH +4) [Jiyva's grace]
 48138 | Zot:4    | Lost mutation: Your flesh is very heat resistant. (rF++)
                  | [Jiyva's grace]
 48138 | Zot:4    | Lost mutation: Your pliable body absorbs attacks. (AC +2,
                  | EV +2) [Jiyva's grace]
 48138 | Zot:4    | Lost mutation: You are covered in slimy tendrils that may
                  | disarm your opponents. [Jiyva's grace]
 48138 | Zot:4    | Lost mutation: You have a small jelly attached to you that
                  | senses nearby items. [Jiyva's grace]
 48138 | Zot:4    | Lost mutation: You have a small jelly attached to you that
                  | may absorb projectiles. [Jiyva's grace]
 48138 | Zot:4    | Lost mutation: Your melee attacks may engulf your foes in
                  | ooze. [Jiyva's grace]
 48138 | Zot:4    | Gained mutation: Armour fits poorly on your pseudopods.
                  | [Jiyva's grace]
 48138 | Zot:4    | Gained mutation: Armour fits poorly on your large
                  | pseudopods. [Jiyva's grace]
 48138 | Zot:4    | Gained mutation: Armour fits poorly on your massive
                  | pseudopods. [Jiyva's grace]
 48138 | Zot:4    | Gained mutation: You have a small jelly attached to you
                  | that senses nearby items. [Jiyva's grace]
 48200 | Zot:4    | Reached XP level 26. HP: 183/184 MP: 43/43
 49012 | Vaults:1 | Bought a scroll of blinking for 90 gold pieces
 49012 | Vaults:1 | Bought a scroll of teleportation for 36 gold pieces
 49012 | Vaults:1 | Bought a scroll of teleportation for 36 gold pieces
 49039 | Vaults:1 | Bought a potion of cancellation for 112 gold pieces
 49039 | Vaults:1 | Bought a potion of cancellation for 112 gold pieces
 49312 | Zot:5    | Entered Level 5 of the Realm of Zot
 49559 | Zot:5    | Reached skill level 1 in Evocations
 49761 | Zot:5    | Reached skill level 24 in Earth Magic
 49779 | Zot:5    | Noticed an ancient lich
 49804 | Zot:5    | Killed an ancient lich
 49906 | Zot:5    | Noticed an ancient lich
 49940 | Zot:5    | Killed an ancient lich
 50027 | Zot:5    | Noticed an orb of fire
 50037 | Zot:5    | Killed an orb of fire
 50138 | Zot:5    | Noticed a Killer Klown
 50161 | Zot:5    | Noticed an ancient lich
 50260 | Zot:4    | Killed an ancient lich
 50291 | Zot:5    | Killed a Killer Klown
 50629 | Zot:5    | Noticed an orb of fire
 50639 | Zot:5    | Killed an orb of fire
 50689 | Zot:5    | Noticed a Killer Klown
 50692 | Zot:5    | Noticed an ancient lich
 50693 | Zot:5    | Noticed an orb of fire
 50694 | Zot:5    | Noticed an orb of fire
 51122 | Crypt:1  | Entered Level 1 of the Crypt
 51199 | Crypt:1  | Noticed Boris
 51212 | Crypt:1  | Killed Boris
 52405 | Zot:5    | Killed a Killer Klown
 52434 | Zot:5    | Gained mutation: You have hidden genetic defects. [an orb
                  | of fire]
 52437 | Zot:5    | Killed an orb of fire
 52438 | Zot:5    | Reached XP level 27. HP: 193/193 MP: 3/44
 52519 | Zot:5    | Killed an ancient lich
 52603 | Zot:5    | Lost mutation: Your flesh is heat resistant. (rF+) [an orb
                  | of fire]
 52607 | Zot:5    | Lost mutation: Armour fits poorly on your massive
                  | pseudopods. [an orb of fire]
 52612 | Zot:5    | Killed an orb of fire
 52738 | Zot:5    | Lost mutation: You are partially covered in iridescent
                  | scales. (AC +2) [Jiyva's grace]
 52738 | Zot:5    | Lost mutation: You are robust. (+10% HP) [Jiyva's grace]
 52738 | Zot:5    | Lost mutation: Your rubbery body absorbs attacks. (AC +1,
                  | EV +1) [Jiyva's grace]
 52738 | Zot:5    | Lost mutation: You have hidden genetic defects. [Jiyva's
                  | grace]
 52738 | Zot:5    | Gained mutation: You possess an exceptional clarity of
                  | mind. [Jiyva's grace]
 52738 | Zot:5    | Gained mutation: Your flesh is cold resistant. (rC+)
                  | [Jiyva's grace]
 52738 | Zot:5    | Gained mutation: Your flesh is very cold resistant. (rC++)
                  | [Jiyva's grace]
 52738 | Zot:5    | Gained mutation: Your flesh is almost immune to the effects
                  | of cold. (rC+++) [Jiyva's grace]
 52805 | Zot:5    | Got the Orb of Zot
 53117 | D:12     | Noticed Bomiusaoti the pandemonium lord
 53358 | D:$      | Escaped with the Orb!

Illustrated notes

Levels and vault maps discovered:
D:1:      minmay_arrival_loop, layout_rooms, serial_shops, nicolae_shop_stone,
          hellmonk_ecumenical_altar_lost_god, hex_intersection,
          grunt_decor_junction, minmay_misc_feat_more_columns,
          serial_bayou_pond_a, minmay_misc_feat_pillars, minmay_hexomino_c4
D:2:      layout_rooms, basic_altar, uniq_robin
D:3:      minmay_bubble_buster, layout_rooms
D:4:      layout_rooms, mainiacjoe_overflow_six_doors_small,
          minmay_misc_feat_chi
D:5:      layout_layer_cave, minmay_small_thing
D:6:      layout_basic, grunt_temple_overflow_opulence, temple_pool_b,
          minmay_misc_feat_secret_circle, serial_bayou_pond_d,
          grunt_ministairs_3, minmay_hedge_maze
D:7:      layout_loops_ring, uniq_prince_ribbit1
D:8:      layout_basic, erik_lair_orcish_takeover
D:9:      layout_gridville, mainiacjoe_overflow_paths, elyvilon_altar_3,
          gammafunk_temple_overflow_wave, enter_bailey_2, uniq_grum
D:10:     layout_rooms, led_xom_imps, nicolae_dithmenos_through_a_glass_darkly,
          david_orc_3, grunt_decor_one_mirror, nicolae_twisting_strands,
          nicolae_elevator_lobby_plus
D:11:     layout_gridville, nicolae_alphabet_shops, minivault_16, fedhas_altar_2
D:12:     layout_long_grid
D:13:     layout_loops_corners, lightli_vaults_fourway_checkpoint, uniq_rupert,
          uniq_josephine, uniq_erolcha
D:14:     layout_basic, uniq_jorgrun
D:15:     grunt_enter_depths_magical_seal, layout_long_grid, serial_park_tiny_2,
          serial_shops, shop, uniq_azrael, uniq_nessos
Lair:1:   layout_regular_city, uniq_joseph
Lair:2:   layout_loops_ring, guppyfry_snake_entry_island, minivault_26,
          beast_lair_carwin_4, lemuel_fruit_tree
Lair:3:   layout_regular_city, grunt_megastairs_4
Lair:4:   wad_woods_minihive, layout_regular_city, shoals_dummy_entry,
          hellmonk_ghost_happy_afterlife, beast_lair_carwin_6
Lair:5:   layout_gridlike, beast_lair_carwin_11, grunt_megastairs_1, uniq_snorg
Lair:6:   hangedman_lair_caniforms_friends, layout_regular_city, wormcave,
          minmay_slime_entry_pillars, chequers_serial_rivers_large_b,
          serial_bayou_pond_e
Shoals:1: layout_shoals, serial_shops, nicolae_lakefront_shop
Shoals:2: layout_shoals, nicolae_shoals_undead_eyrie
Shoals:3: layout_shoals
Shoals:4: shoals_end_simple, layout_shoals, uniq_louise, uniq_donald
Snake:1:  layout_onion_interference
Snake:2:  layout_chambers, serial_shops, shop, nicolae_snake_gridmaze_big_u,
          grunt_ministairs_15, minmay_snake_pond
Snake:3:  layout_cave_town, basic_altar
Snake:4:  snake_pit, layout_rooms, gammafunk_ghost_wrathful_warriors,
          nicolae_snake_single_loop, nicolae_snake_round_shape_thing,
          nicolae_shop_self_help, serial_bayou_shore_b
Slime:1:  layout_caves
Slime:2:  layout_caves
Slime:3:  layout_caves
Slime:4:  layout_caves
Slime:5
Orc:1:    layout_caves, basic_altar, minmay_shop_enchanted_jewellery
Orc:2:    st_orc_rangers, layout_diamond_mine, basic_altar
Elf:1:    elf_arrival_002, layout_gridlike, gammafunk_ghost_ooze, serial_shops,
          nicolae_shop_behind_doors, hangedman_elven_crosses_minicolossus,
          minmay_shop_grove, uniq_nikola, uniq_roxanne
Elf:2:    nicolae_elf_blades_splatter_lattice [nooodl_blade_entry_preview],
          layout_onion_city, serial_shops, nicolae_lakefront_shop
Elf:3:    elf_hall, layout_loops_corners
Vaults:1: v_misc_10, hangedman_vaults_river_flow, vaults_dpeg_spiral,
          nicolae_vaults_disjoint_gnomons, vaults_standard_mumra_lines,
          grunt_vaults_focal, grunt_vaults_hallway_long, vaults_mumra_lcd,
          layout_vaults_omnicross, serial_shops, nicolae_shop_trees,
          nicolae_shop_trees, nicolae_square_shop, shop
Vaults:2: vaults_dpeg_encased_lava, v_pattern_4, grunt_vaults_swirl,
          hangedman_vaults_capsules, vaults_standard_mumra_x,
          ontoclasm_vaults_decontamination, nicolae_vaults_mini_display_case,
          vaults_room_hallway, v_misc_8, nicolae_vaults_three_branches,
          layout_vaults_omnigrid, uniq_asterion, uniq_boris, uniq_margery
Vaults:3: hangedman_vaults_snaps, minmay_crypt_entry_simple_walls,
          grunt_vaults_hallway_long, hangedman_vaults_cutoff,
          nicolae_vaults_network_quinsquares
          [nicolae_vaults_network_quincunx_subvault,
          nicolae_vaults_network_quincunx_subvault,
          nicolae_vaults_network_quincunx_subvault,
          nicolae_vaults_network_quincunx_subvault],
          vaults_standard_mumra_enter_the_diamond, hangedman_vaults_impose,
          ontoclasm_vaults_twist, nicolae_vaults_know_your_exits, v_pattern_1,
          grunt_vaults_funnel, nicolae_vaults_shelves_hall, vaults_dpeg_ring,
          layout_vaults_ring, serial_shops,
          nicolae_shop_temple_entry_statues_fountains, uniq_xtahua
Vaults:4: v_misc_30, vaults_mumra_chevron, nicolae_vaults_what_the_h,
          nicolae_vaults_triangles, nicolae_vaults_border_crossing,
          vaults_standard_mumra_enter_the_diamond, hangedman_vaults_unwind,
          vaults_room_pools, vaults_room_fancy_cross,
          ontoclasm_vaults_claustrophobia, vaults_dpeg_cross, vaults_dpeg_hooks,
          v_misc_8, layout_vaults_maze_bifur, serial_shops, shop_statue,
          uniq_bai_suzhen, uniq_saint_roka
Vaults:5: serial_shops
Crypt:1:  layout_chaotic_city, grunt_crypt_arrival_webbed
Depths:1: layout_roguey, enter_ziggurat_d, evilmike_ruin_ashenzari, hell_entry,
          abyss_entry, serial_shops, nicolae_shop_advertising_works
          [nicolae_subvault_shop_adworks],
          hangedman_abyss_or_decor_jellyfish_corner, abandoned_shop,
          nicolae_shop_gadgets, minmay_shoptagon, serial_bayou_shore_b,
          grunt_megastairs_3
Depths:2: minmay_complete_graph, layout_honeycomb, rand_demon_pan_entry_4,
          hangedman_tar_grid_catacomb, chequers_serial_rivers_small_3,
          minmay_staircase_statues_hall_small, uniq_aizul
Depths:3: hourglass_vault, layout_basic, abyss_entry_crystal, grunt_metal_band,
          infiniplex_staircase_pool_2
Depths:4: grunt_zot_entry_alcove, layout_cave_pools, hangedman_decor_lopped,
          pf_coc_iceberg, abyss_entry_small_statue_room, minmay_st_funbox,
          minmay_misc_feat_roman, nicolae_transmutations_shop
Zot:1:    layout_gridlike
Zot:2:    layout_basic
Zot:3:    layout_basic, st_stairs_5
Zot:4:    kennysheep_six_static_rooms, layout_misc_corridors
Zot:5:    layout_misc_corridors

Skill      XL: |  1  2  3  4  5  6  7  8  9 10 11 12 13 14 15 16 17 18 19 20 21 22 23 24 25 26 |
---------------+-------------------------------------------------------------------------------+-----
Earth Magic    | 4 5 6 7 8 9 10 11 13 14 15 17 18 19 20 21 22 23 24 | 24.0
Fighting       | 1 2 3 4 6 7 8 9 10 11 12 13 14 15 16 17 18 | 18.9
Spellcasting   | 3 4 5 6 7 8 9 10 11 12 13 14 15 16 17 | 17.3
Armour         | 1 3 4 5 7 8 9 10 11 12 13 | 13.1
Transmutations | 2 4 5 6 7 9 10 | 10.2
Necromancy     | 1 2 3 5 6 7 8 9 10 12 | 12.4
Poison Magic   | 3 5 6 7 8 9 |  9.1
Shields        | 1 4 5 7 9 12 15 17 | 17.2
Summonings     | 2 3 5 7 9 10 11 12 14 | 14.3
Hexes          | 2 3 5 |  5.0
Conjurations   | 2 5 7 10 11 13 14 15 16 17 18 | 18.6
Long Blades    | 1 3 5 6 |  6.1
Crossbows      | 5 7 |  7.7
Evocations     | 4 |  4.4
Dodging        | |  1.5
Stealth        | |  2.1

Action                   |  1- 3 |  4- 6 |  7- 9 | 10-12 | 13-15 | 16-18 | 19-21 | 22-24 | 25-27 || total
-------------------------+-------+-------+-------+-------+-------+-------+-------+-------+-------++-------
Melee: Hand axe          |    65 |       |       |       |   233 |   569 |     3 |     7 |       ||   877
       Dagger            |     3 |    66 |       |       |       |       |       |       |       ||    69
       Punch             |     2 |       |       |    11 |    17 |       |       |       |       ||    30
       Whip              |    15 |    25 |    76 |   519 |   711 |       |       |       |       ||  1346
       Kick              |       |       |    10 |   109 |       |       |       |   236 |    88 ||   443
       Bite              |       |       |       |       |   162 |       |    72 |    23 |    75 ||   332
       Pseudopods        |       |       |       |       |   109 |    30 |       |       |    79 ||   218
       Headbutt          |       |       |       |       |       |     1 |    40 |       |       ||    41
       Falchion          |       |       |       |       |       |       |   366 |   396 |   322 ||  1084
       Long sword        |       |       |       |       |       |       |    51 |       |       ||    51
       Scimitar          |       |       |       |       |       |       |    33 |       |       ||    33
 Fire: Hand crossbow     |       |       |       |       |       |       |       |       |    40 ||    40
Throw: Dart              |       |       |       |       |     2 |       |       |       |       ||     2
       Boomerang         |       |       |       |       |       |     1 |     3 |     5 |     7 ||    16
       Javelin           |       |       |       |       |       |     1 |     8 |     3 |     4 ||    16
 Cast: Sandblast         |    36 |    19 |    26 |    29 |     8 |    14 |     4 |    14 |     5 ||   155
       Stone Arrow       |       |     1 |     5 |    53 |    26 |    11 |     5 |       |       ||   101
       Petrify           |       |       |     1 |    36 |    16 |       |       |       |       ||    53
       Borgnjor's Vile C |       |       |       |    43 |   110 |   202 |   201 |   137 |    65 ||   758
       Passwall          |       |       |       |    12 |     9 |    12 |    10 |     5 |     7 ||    55
       Apportation       |       |       |       |       |    53 |    41 |    16 |    31 |     6 ||   147
       Alistair's Intoxi |       |       |       |       |    25 |     8 |     3 |     5 |     4 ||    45
       Eringya's Noxious |       |       |       |       |       |    45 |    18 |    10 |     1 ||    74
       Summon Mana Viper |       |       |       |       |       |    20 |    11 |       |     9 ||    40
       Irradiate         |       |       |       |       |       |     8 |    33 |    24 |    25 ||    90
       Lehudib's Crystal |       |       |       |       |       |       |    40 |    38 |    74 ||   152
       Iron Shot         |       |       |       |       |       |       |    52 |    23 |    20 ||    95
       Blink             |       |       |       |       |       |       |     1 |     1 |     1 ||     3
       Spellforged Servi |       |       |       |       |       |       |     1 |    41 |    66 ||   108
       Portal Projectile |       |       |       |       |       |       |       |       |     8 ||     8
       Haunt             |       |       |       |       |       |       |       |       |    19 ||    19
Invok: Oozemancy         |       |     1 |     1 |     6 |    11 |     4 |     8 |     5 |       ||    36
       Slimify           |       |       |       |       |     1 |       |       |       |       ||     1
Evoke: Wand              |       |       |       |     9 |       |       |     6 |     4 |     2 ||    21
       Tin of tremorston |       |       |       |       |       |       |     1 |       |       ||     1
  Use: Scroll            |       |     2 |       |     4 |     8 |    11 |    12 |     4 |    10 ||    51
       Potion            |       |     1 |       |     3 |     4 |     1 |     1 |     4 |     4 ||    18
 Stab: Sleeping          |     2 |     3 |     2 |       |     4 |       |       |       |       ||    11
       Petrified         |       |       |       |    54 |    59 |       |       |       |       ||   113
       Petrifying        |       |       |       |     5 |     3 |       |       |       |       ||     8
       Confused          |       |       |       |       |    16 |     4 |       |     3 |     5 ||    28
       Distracted        |       |       |       |       |       |     4 |       |     2 |     4 ||    10
       Held in net/web   |       |       |       |       |       |     1 |       |       |       ||     1
Armor: Robe              |    69 |    28 |       |       |       |       |       |       |       ||    97
       Leather armour    |       |     9 |     5 |       |       |       |       |       |       ||    14
       Ring mail         |       |       |    40 |   454 |   583 |   451 |   270 |   189 |    59 ||  2046
       Quicksilver drago |       |       |       |       |       |       |       |       |   128 ||   128
Dodge: Dodged            |    95 |    47 |    61 |   383 |   902 |   575 |   260 |   185 |   159 ||  2667
Block: Other             |       |       |       |       |   245 |       |       |       |       ||   245
       Buckler           |       |       |       |       |    65 |   487 |   135 |       |       ||   687
       Reflection        |       |       |       |       |    34 |    51 |    61 |    82 |     5 ||   233
       Kite shield       |       |       |       |       |       |       |   492 |   590 |   457 ||  1539
